Map: Abyssal Reef LE

Players

Lambo - Winner!

  • Race: Zerg Zerg
  • Spawn Location: 11:00

Torkk

  • Race: Protoss Protoss
  • Spawn Location: 5:00

Event: WCS Austin 2017

VOD

Have the link to the VOD?

Description

Time

  • Played on: April 28, 2017, 1:10 p.m.
  • Length: 8:53

All games in this series

Show
View Real Time Build Order
Export as new Build Order

Lambo Zerg - Winner!

Build Orders: Hatch First, Muta Ling Bane 

Get SALT Encoding   

  12  0:01  Drone  
  13  0:11  Drone  
  14  0:18  Overlord  
  14  0:36  Drone  
  15  0:45  Hatchery  
  15  0:49  Drone  
  15  0:53  Drone  
  16  0:57  Drone  
  17  1:09  Drone  
  17  1:11  Extractor  
  17  1:18  Spawning Pool  
  16  1:20  Drone  
  16  1:24  Drone  
  18  1:33  Drone  
  19  1:45  Drone  
  20  1:54  Overlord  
  20  1:59  Drone  
  21  2:04  Queen x2  
  21  2:05  Zergling x2  
  26  2:09  Zergling x2  
  26  2:13  Metabolic Boost  
  27  2:19  Drone x2  
  29  2:29  Drone  
  30  2:42  Hatchery  
  29  2:45  Drone  
  29  2:50  Queen  
  32  2:52  Drone  
  32  2:55  Overlord  
  33  3:03  Drone x2  
  35  3:09  Drone  
  35  3:11  Overlord  
  36  3:15  Drone x2  
  36  3:16  Drone x2  
  40  3:20  Drone  
  40  3:23  Drone  
  40  3:24  Drone  
  43  3:30  Queen  
  43  3:33  Drone x2  
  47  3:41  Roach Warren  
  47  3:43  Overlord  
  47  3:47  Drone x2  
  48  3:53  Drone x2  
  50  3:58  Lair, Overlord  
  50  4:01  Drone, Extractor  
  50  4:04  Drone x2  
  50  4:08  Drone x3  
  55  4:14  Overlord  
  55  4:19  Drone x2  
  57  4:27  Roach x5  
  69  4:31  Roach  
  69  4:34  Zergling x2  
  69  4:36  Roach  
  72  4:38  Zergling x4  
  72  4:39  Zergling x4  
  72  4:43  Roach  
  78  4:50  Roach x2  
  78  4:51  Extractor  
  78  4:52  Drone  
  82  4:56  Overlord  
  82  5:04  Overlord  
  82  5:05  Overlord  
  81  5:07  Overlord  
  81  5:09  Drone  
  81  5:10  Glial Reconstitution  
  81  5:13  Drone, Evolution Chamber  
  82  5:15  Extractor  
  82  5:20  Drone x4  
  85  5:23  Overlord  
  85  5:26  Drone  
  85  5:27  Zergling x8  
  90  5:33  Overlord  
  89  5:36  Overlord  
  89  5:40  Drone x5  
  93  5:43  Spire, Extractor  
  89  5:50  Drone x3  
  89  5:53  Extractor  
  89  5:56  Drone x3  
  94  6:02  Drone x5  
  99  6:10  Hatchery  
  98  6:12  Drone x2  
  98  6:13  Drone  
  98  6:17  Overlord  
  101  6:21  Zerg Melee Weapons Level 1  
  101  6:24  Drone, Baneling Nest  
  101  6:26  Overseer  
  101  6:28  Roach x2, Zergling x6  
  108  6:34  Overlord  
  108  6:35  Overlord  
  108  6:37  Zergling x6  
  108  6:38  Roach x3  
  117  6:42  Overlord  
  117  6:45  Zergling x4  
  117  6:46  Zergling x6  
  122  6:51  Overlord  
  122  6:59  Mutalisk x5  
  132  7:04  Mutalisk  
  132  7:06  Mutalisk x2  
  138  7:09  Drone x3  
  138  7:12  Overlord  
  138  7:14  Drone x3  
  144  7:17  Overseer  
  144  7:18  Centrifical Hooks  
  144  7:22  Zergling x4  
  146  7:30  Zergling x14  
  146  7:33  Overlord  
  153  7:38  Zergling x6  
  153  7:43  Drone x4, Queen  
  162  7:45  Ravager x4  
  162  7:46  Ravager x2  
  162  7:48  Overlord  
  162  7:51  Zergling x4  
  170  7:56  Zergling x6  
  170  7:57  Ravager x2  
  174  8:00  Zergling x4  
  174  8:01  Overlord  
  172  8:08  Zergling x14  
  173  8:18  Zergling x8  
  173  8:23  Zergling x6  
  173  8:26  Baneling x5  
  173  8:27  Baneling x3  
  175  8:28  Zergling x4  
  164  8:41  Hatchery  
Show
View Real Time Build Order
Export as new Build Order

Torkk Protoss 

Build Orders: 1 Gate Expand 

Get SALT Encoding   

  12  0:01  Probe (Chrono Boost)  
  13  0:12  Probe (Chrono Boost)  
  14  0:19  Pylon  
  14  0:22  Probe (Chrono Boost)  
  15  0:38  Probe (Chrono Boost)  
  15  0:40  Gateway  
  16  0:48  Probe (Chrono Boost)  
  16  0:49  Assimilator  
  17  0:59  Probe (Chrono Boost)  
  18  1:09  Probe (Chrono Boost)  
  19  1:23  Nexus  
  19  1:26  Probe (Chrono Boost)  
  20  1:36  Cybernetics Core  
  20  1:39  Probe (Chrono Boost)  
  21  1:46  Pylon  
  21  1:49  Probe (Chrono Boost)  
  22  1:56  Assimilator  
  22  2:00  Probe (Chrono Boost)  
  23  2:13  Probe (Chrono Boost), Adept  
  24  2:17  Warp Gate  
  26  2:25  Probe (Chrono Boost)  
  27  2:36  Adept  
  28  2:37  Probe (Chrono Boost)  
  28  2:39  Twilight Council, Probe (Chrono Boost)  
  31  2:49  Probe x2 (Chrono Boost)  
  33  3:00  Probe (Chrono Boost), Adept  
  33  3:01  Probe (Chrono Boost)  
  37  3:09  Resonating Glaives  
  37  3:10  Probe (Chrono Boost), Pylon  
  39  3:13  Probe (Chrono Boost)  
  39  3:16  Robotics Facility  
  39  3:22  Probe (Chrono Boost)  
  39  3:25  Probe (Chrono Boost)  
  41  3:27  Adept  
  44  3:34  Probe (Chrono Boost)  
  44  3:37  Gateway  
  44  3:39  Probe (Chrono Boost)  
  45  3:42  Gateway  
  45  3:46  Probe (Chrono Boost)  
  46  3:51  Probe (Chrono Boost)  
  46  3:53  Sentry  
  49  3:58  Probe (Chrono Boost), Pylon  
  49  4:00  Warp Prism  
  52  4:05  Mothership Core (Chrono Boost)  
  54  4:14  Pylon  
  55  4:17  Pylon  
  55  4:18  Probe (Chrono Boost)  
  56  4:25  Probe (Chrono Boost)  
  56  4:30  Probe (Chrono Boost)  
  57  4:33  Adept x2  
  61  4:49  Probe x2 (Chrono Boost)  
  63  4:56  Nexus  
  63  4:59  Pylon  
  63  5:00  Pylon, Adept x3  
  63  5:02  Blink  
  65  5:13  Immortal  
  65  5:18  Probe (Chrono Boost)  
  72  5:29  Probe (Chrono Boost)  
  72  5:30  Probe (Chrono Boost)  
  72  5:31  Assimilator x2  
  72  5:33  Gateway x2  
  72  5:39  Gateway  
  72  5:41  Probe (Chrono Boost)  
  65  5:53  Stalker  
  65  5:54  Stalker x2  
  72  5:58  Probe (Chrono Boost)  
  72  5:59  Probe (Chrono Boost)  
  72  6:02  Immortal  
  73  6:10  Probe (Chrono Boost)  
  73  6:11  Probe (Chrono Boost)  
  79  6:14  Probe (Chrono Boost)  
  79  6:15  Assimilator  
  80  6:20  Assimilator, Robotics Bay  
  80  6:21  Pylon  
  80  6:22  Probe (Chrono Boost)  
  80  6:23  Probe (Chrono Boost)  
  82  6:26  Probe (Chrono Boost)  
  84  6:34  Probe (Chrono Boost), Stalker x3  
  84  6:35  Probe (Chrono Boost)  
  84  6:36  Probe (Chrono Boost)  
  84  6:37  Stalker  
  94  6:45  Immortal  
  94  6:46  Probe (Chrono Boost)  
  97  6:47  Probe x2 (Chrono Boost)  
  101  6:57  Probe (Chrono Boost)  
  101  6:58  Forge, Probe (Chrono Boost)  
  101  6:59  Probe (Chrono Boost)  
  104  7:13  Robotics Facility  
  104  7:14  Stalker x3  
  110  7:16  Colossus  
  116  7:32  Pylon  
  116  7:34  Pylon  
  116  7:35  Pylon  
  108  7:45  Stalker x4  
  116  7:54  Stalker x2  
  80  8:13  Adept x3  
  80  8:14  Adept  
  84  8:27  Adept x2  
  60  8:40  Adept  
  60  8:41  Adept x3  
Tags
 
Add a new tag
Caveats
  • Supply blocks, unpowered buildings, or Contaminate may cause inaccurate times.
  • Supply counts are checked every 10 seconds.